SL
SAN MATEO DIRTY REDS @ FT. WORTH CATTLEMEN
07/14/2041
 
TOP OF THE 1ST
San Mateo Dirty Reds batting - Pitching for Ft. Worth Cattlemen : RHP Kabeya Kasongo
Pitching: RHP Kabeya Kasongo
Batting: LHB Richard Edwards 0-0: Called Strike
0-1: Called Strike
0-2: Foul Ball, location: 2F
0-2: Ball
1-2: Foul Ball, location: 2F
1-2: Fly out, F5 (Line Drive, 5, EV 66.2 MPH)
Batting: RHB Zahid Kashani 0-0: Called Strike
0-1: Ground out 5-3 (Groundball, 5L, EV 98.1 MPH)
Batting: LHB Palaie Gaoteote 0-0: Called Strike
0-1: SINGLE (Flyball, 9S, EV 91.2 MPH)
Batting: RHB Tae-cho Han 0-0: Ball
1-0: Foul Ball, location: 2F
1-1: Fielders Choice at 2nd, 6-4 (Groundball, 6, EV 102.5 MPH)
Top of the 1st over - 0 runs, 1 hit, 0 errors, 1 left on base; San Mateo 0 - Ft. Worth 0
BOTTOM OF THE 1ST
Ft. Worth Cattlemen batting - Pitching for San Mateo Dirty Reds : RHP Ratko Davidovic
Pitching: RHP Ratko Davidovic
Batting: RHB Dennis Wacher 0-0: Ball
1-0: Called Strike
1-1: Ball
2-1: Ground out 6-3 (Groundball, 6, EV 101.2 MPH)
Batting: LHB Semo Hoaloha 0-0: Called Strike
0-1: Ball
1-1: Ball
2-1: Called Strike
2-2: Ball
3-2: DOUBLE (Line Drive, 9LM, EV 105.0 MPH)
Batting: LHB Craig Woods 0-0: Ball
1-0: Ball
2-0: Foul Ball, location: 2F
2-1: Swinging Strike
2-2: Ball
3-2: Strikes out swinging
Batting: SHB Kolby Hay 0-0: Called Strike
0-1: Foul Ball, location: 2F
0-2: Fly out, F7 (Line Drive, 7, EV 93.1 MPH)
Bottom of the 1st over - 0 runs, 1 hit, 0 errors, 1 left on base; San Mateo 0 - Ft. Worth 0
TOP OF THE 2ND
San Mateo Dirty Reds batting - Pitching for Ft. Worth Cattlemen : RHP Kabeya Kasongo
Batting: RHB Kawenaula Alohalani 0-0: Ball
1-0: Called Strike
1-1: Ball
2-1: Foul Ball, location: 2F
2-2: Fly out, F7 (Flyball, 7LS, EV 86.9 MPH)
Batting: LHB Tom Burton 0-0: Ball
1-0: Foul Ball, location: 2F
1-1: Ground out 6-3 (Groundball, 6, EV 108.8 MPH)
Batting: LHB Quitério Ruah 0-0: Called Strike
0-1: Ground out 4-3 (Groundball, 4, EV 81.9 MPH)
Top of the 2nd over - 0 runs, 0 hits, 0 errors, 0 left on base; San Mateo 0 - Ft. Worth 0
BOTTOM OF THE 2ND
Ft. Worth Cattlemen batting - Pitching for San Mateo Dirty Reds : RHP Ratko Davidovic
Batting: RHB Derek Bangert 0-0: Foul Ball, location: 2F
0-1: Called Strike
0-2: Ball
1-2: Foul Ball, location: 2F
1-2: Foul Ball, location: 2F
1-2: Strikes out swinging
Batting: LHB Count Dante 0-0: Called Strike
0-1: Ball
1-1: Swinging Strike
1-2: Strikes out looking
Batting: RHB Tsuneari Hirano 0-0: Ball
1-0: Fly out, F7 (Line Drive, 7, EV 90.0 MPH)
Bottom of the 2nd over - 0 runs, 0 hits, 0 errors, 0 left on base; San Mateo 0 - Ft. Worth 0
TOP OF THE 3RD
San Mateo Dirty Reds batting - Pitching for Ft. Worth Cattlemen : RHP Kabeya Kasongo
Batting: RHB Jesús Gómez 0-0: Foul Ball, location: 2F
0-1: Ball
1-1: Called Strike
1-2: SINGLE (Groundball, 34D, EV 103.1 MPH)
Batting: RHB Ambrose Watkins 0-0: Ball
1-0: Ball
2-0: Ball
3-0: Called Strike
3-1: Base on Balls
Jesús Gómez to second
Batting: LHB Richard Edwards 0-0: Called Strike
0-1: Ball
1-1: Fielders Choice at 2nd, 6-4 (Groundball, 6S, EV 83.1 MPH)
Jesús Gómez to third
Batting: RHB Zahid Kashani 0-0: Ball
1-0: Ball
2-0: Fly out, F6 (Popup, 6M, EV 55.0 MPH)
Batting: LHB Palaie Gaoteote 0-0: Ground out 4-3 (Groundball, 4, EV 88.8 MPH)
Top of the 3rd over - 0 runs, 1 hit, 0 errors, 2 left on base; San Mateo 0 - Ft. Worth 0
BOTTOM OF THE 3RD
Ft. Worth Cattlemen batting - Pitching for San Mateo Dirty Reds : RHP Ratko Davidovic
Batting: RHB Min-gook Ch'oe 0-0: Called Strike
0-1: Called Strike
0-2: Ball
1-2: Fly out, F8 (Flyball, 89D, EV 85.6 MPH)
Batting: RHB Lonnie Doble 0-0: SINGLE (Groundball, 4MD, EV 103.8 MPH)
Batting: RHB Dennis Wacher 0-0: Ball
1-0: Foul Ball, location: 2F
1-1: Called Strike
1-2: Ball
2-2: Foul Ball, location: 2F
2-2: Ball
Wild Pitch!
Lonnie Doble to second
3-2: Fly out, F7 (Flyball, 7, EV 92.5 MPH)
Batting: LHB Semo Hoaloha 0-0: Called Strike
0-1: Ball
1-1: Called Strike
1-2: Ground out 6-3 (Groundball, 6, EV 99.4 MPH)
Bottom of the 3rd over - 0 runs, 1 hit, 0 errors, 1 left on base; San Mateo 0 - Ft. Worth 0
TOP OF THE 4TH
San Mateo Dirty Reds batting - Pitching for Ft. Worth Cattlemen : RHP Kabeya Kasongo
Batting: RHB Tae-cho Han 0-0: Ball
1-0: Ball
2-0: Called Strike
2-1: Swinging Strike
2-2: Ball
3-2: Foul Ball, location: 2F
3-2: Foul Ball, location: 2F
3-2: Foul Ball, location: 2F
3-2: Base on Balls
Batting: RHB Kawenaula Alohalani 0-0: Called Strike
0-1: Ball
1-1: Swinging Strike
1-2: Strikes out swinging
Batting: LHB Tom Burton 0-0: Called Strike
0-1: Called Strike
0-2: Strikes out swinging
Batting: LHB Quitério Ruah 0-0: Ball
1-0: Ball
2-0: Ball
3-0: Base on Balls
Tae-cho Han to second
Batting: RHB Jesús Gómez 0-0: Ball
1-0: Called Strike
1-1: Foul Ball, location: 2F
1-2: Ball
2-2: Ball
3-2: SINGLE (Line Drive, 9S, EV 90.6 MPH)
Tae-cho Han to third
Quitério Ruah to second
Tae-cho Han scores
Quitério Ruah to third
Batting: RHB Ambrose Watkins 0-0: Ball
1-0: Foul Ball, location: 2F
1-1: Foul Ball, location: 2F
1-2: Strikes out swinging
Top of the 4th over - 1 run, 1 hit, 0 errors, 2 left on base; San Mateo 1 - Ft. Worth 0
BOTTOM OF THE 4TH
Ft. Worth Cattlemen batting - Pitching for San Mateo Dirty Reds : RHP Ratko Davidovic
Batting: LHB Craig Woods 0-0: Ball
1-0: Swinging Strike
1-1: Ground out 4-3 (Groundball, 4M, EV 81.9 MPH)
Batting: SHB Kolby Hay 0-0: Called Strike
0-1: Fly out, F8 (Flyball, 8LD, EV 91.2 MPH)
Batting: RHB Derek Bangert 0-0: Ball
1-0: Swinging Strike
1-1: Fly out, F1 (Line Drive, P, EV 77.5 MPH)
Bottom of the 4th over - 0 runs, 0 hits, 0 errors, 0 left on base; San Mateo 1 - Ft. Worth 0
TOP OF THE 5TH
San Mateo Dirty Reds batting - Pitching for Ft. Worth Cattlemen : RHP Kabeya Kasongo
Batting: LHB Richard Edwards 0-0: Foul Ball, location: 2F
0-1: Ball
1-1: Foul Ball, location: 2F
1-2: Ball
2-2: Ball
3-2: Ground out 3-1 (Groundball, 3S, EV 91.2 MPH)
Batting: RHB Zahid Kashani 0-0: Swinging Strike
0-1: Ball
1-1: SINGLE (Groundball, 56D, EV 95.0 MPH)
Batting: LHB Palaie Gaoteote 0-0: Called Strike
0-1: Swinging Strike
0-2: Ball
1-2: Strikes out swinging
Zahid Kashani steals 2nd base
Batter strikes out.
Pitching: RHP Vicente Durango
Batting: RHB Tae-cho Han 0-0: Foul Ball, location: 2F
0-1: Ball
1-1: Ball
2-1: Ball
3-1: Ground out 6-3 (Groundball, 6, EV 89.4 MPH)
Top of the 5th over - 0 runs, 1 hit, 0 errors, 1 left on base; San Mateo 1 - Ft. Worth 0
BOTTOM OF THE 5TH
Ft. Worth Cattlemen batting - Pitching for San Mateo Dirty Reds : RHP Ratko Davidovic
Batting: LHB Count Dante 0-0: Called Strike
0-1: Ball
1-1: Called Strike
1-2: Strikes out swinging
Batting: RHB Tsuneari Hirano 0-0: SINGLE (Line Drive, 89S, EV 85.0 MPH)
Batting: RHB Min-gook Ch'oe 0-0: Ball
1-0: Ball
Tsuneari Hirano steals 2nd base
2-0: Called Strike
2-1: Ground out 6-3 (Groundball, 6, EV 106.2 MPH)
Batting: RHB Lonnie Doble 0-0: Foul Ball, location: 2F
0-1: Foul Ball, location: 2F
0-2: Ball
1-2: Ball
2-2: Fly out, F8 (Flyball, 89D, EV 88.8 MPH)
Bottom of the 5th over - 0 runs, 1 hit, 0 errors, 1 left on base; San Mateo 1 - Ft. Worth 0
TOP OF THE 6TH
San Mateo Dirty Reds batting - Pitching for Ft. Worth Cattlemen : RHP Vicente Durango
Batting: RHB Kawenaula Alohalani 0-0: Ball
1-0: Called Strike
1-1: Foul Ball, location: 2F
1-2: Foul Ball, location: 2F
1-2: Ground out 5-3 (Groundball, 56, EV 86.2 MPH)
Batting: LHB Tom Burton 0-0: Ball
1-0: Ball
2-0: Ball
3-0: Called Strike
3-1: SOLO HOME RUN (Flyball, 89XD, EV 98.1 MPH), Distance : 412 ft
Batting: LHB Quitério Ruah 0-0: Ball
1-0: Ball
2-0: Called Strike
2-1: Called Strike
2-2: Strikes out looking
Batting: RHB Jesús Gómez 0-0: Ball
1-0: Ball
2-0: Foul Ball, location: 2F
2-1: Foul Ball, location: 2F
2-2: Ball
3-2: Base on Balls
Pitching: RHP David Buchanan
Batting: RHB Ambrose Watkins 0-0: Called Strike
0-1: Ball
1-1: Ball
2-1: 2-RUN HOME RUN (Flyball, 7D, EV 104.4 MPH), Distance : 386 ft
Batting: LHB Richard Edwards 0-0: Ball
1-0: Ball
2-0: Called Strike
2-1: Foul Ball, location: 2F
2-2: Ball
3-2: Base on Balls
Batting: RHB Zahid Kashani 0-0: Ball
1-0: Ball
2-0: Called Strike
2-1: Foul Ball, location: 2F
2-2: Foul Ball, location: 2F
2-2: Fly out, F5 (Flyball, 5DF, EV 91.9 MPH)
Top of the 6th over - 3 runs, 2 hits, 0 errors, 1 left on base; San Mateo 4 - Ft. Worth 0
BOTTOM OF THE 6TH
Ft. Worth Cattlemen batting - Pitching for San Mateo Dirty Reds : RHP Ratko Davidovic
Batting: RHB Dennis Wacher 0-0: Ball
1-0: Called Strike
1-1: Called Strike
1-2: Ball
2-2: Foul Ball, location: 2F
2-2: Foul Ball, location: 2F
2-2: Strikes out swinging
Batting: LHB Semo Hoaloha 0-0: Ball
1-0: Fly out, F8 (Line Drive, 8LD, EV 94.4 MPH)
Batting: LHB Craig Woods 0-0: Foul Ball, location: 2F
0-1: SOLO HOME RUN (Flyball, 7LD, EV 105.0 MPH), Distance : 344 ft
Batting: SHB Kolby Hay 0-0: Ball
1-0: Ball
2-0: Foul Ball, location: 2F
2-1: Fly out, F7 (Flyball, 7LSF, EV 90.0 MPH)
Bottom of the 6th over - 1 run, 1 hit, 0 errors, 0 left on base; San Mateo 4 - Ft. Worth 1
TOP OF THE 7TH
San Mateo Dirty Reds batting - Pitching for Ft. Worth Cattlemen : RHP David Buchanan
Batting: LHB Palaie Gaoteote 0-0: Swinging Strike
0-1: Ball
1-1: Foul Ball, location: 2F
1-2: Strikes out looking
Batting: RHB Tae-cho Han 0-0: Called Strike
0-1: Swinging Strike
0-2: Strikes out swinging
Pitching: RHP WyDale Curry
Batting: RHB Kawenaula Alohalani 0-0: Ball
1-0: Called Strike
1-1: Ball
2-1: Ball
3-1: Called Strike
3-2: Foul Ball, location: 2F
3-2: Base on Balls
Batting: LHB Tom Burton 0-0: Ball
1-0: Called Strike
1-1: Called Strike
1-2: Ball
2-2: Strikes out swinging
Top of the 7th over - 0 runs, 0 hits, 0 errors, 1 left on base; San Mateo 4 - Ft. Worth 1
BOTTOM OF THE 7TH
Ft. Worth Cattlemen batting - Pitching for San Mateo Dirty Reds : RHP Ratko Davidovic
Batting: RHB Derek Bangert 0-0: Called Strike
0-1: SOLO HOME RUN (Flyball, 7D, EV 88.8 MPH), Distance : 380 ft
Batting: LHB Count Dante 0-0: DOUBLE (Flyball, 78D, EV 98.8 MPH)
Batting: RHB Tsuneari Hirano 0-0: Called Strike
0-1: Swinging Strike
0-2: Ball
1-2: Strikes out swinging
Batting: RHB Min-gook Ch'oe 0-0: Ball
1-0: Ball
2-0: Called Strike
2-1: Swinging Strike
2-2: Strikes out swinging
Batting: RHB Lonnie Doble 0-0: Ball
1-0: Called Strike
1-1: Fly out, F7 (Flyball, 7LM, EV 94.4 MPH)
Bottom of the 7th over - 1 run, 2 hits, 0 errors, 1 left on base; San Mateo 4 - Ft. Worth 2
TOP OF THE 8TH
San Mateo Dirty Reds batting - Pitching for Ft. Worth Cattlemen : RHP WyDale Curry
Batting: LHB Quitério Ruah 0-0: Foul Ball, location: 2F
0-1: Swinging Strike
0-2: Strikes out swinging
Batting: RHB Jesús Gómez 0-0: Foul Ball, location: 2F
0-1: Ball
1-1: Fly out, F8 (Flyball, 8RD, EV 103.8 MPH)
Batting: RHB Ambrose Watkins 0-0: Called Strike
0-1: Ball
1-1: Foul Ball, location: 2F
1-2: Foul Ball, location: 2F
1-2: Ball
2-2: Strikes out looking
Top of the 8th over - 0 runs, 0 hits, 0 errors, 0 left on base; San Mateo 4 - Ft. Worth 2
BOTTOM OF THE 8TH
Ft. Worth Cattlemen batting - Pitching for San Mateo Dirty Reds : RHP Ratko Davidovic
Pitching: LHP Urs Ehles
Batting: RHB Dennis Wacher 0-0: Called Strike
0-1: Ball
1-1: Fly out, F8 (Flyball, 8RD, EV 88.8 MPH)
Batting: LHB Semo Hoaloha 0-0: Ball
1-0: Ball
2-0: Called Strike
2-1: Called Strike
2-2: Strikes out swinging
Batting: LHB Craig Woods 0-0: Foul Ball, location: 2F
0-1: Ball
1-1: Ball
2-1: Called Strike
2-2: Ball
3-2: Foul Ball, location: 2F
3-2: Strikes out swinging
Bottom of the 8th over - 0 runs, 0 hits, 0 errors, 0 left on base; San Mateo 4 - Ft. Worth 2
TOP OF THE 9TH
San Mateo Dirty Reds batting - Pitching for Ft. Worth Cattlemen : RHP WyDale Curry
Pitching: RHP Dragutin Petrovic
Batting: LHB Richard Edwards 0-0: Called Strike
0-1: Ball
1-1: Ball
2-1: Foul Ball, location: 2F
2-2: Strikes out looking
Batting: RHB Zahid Kashani 0-0: Fly out, F7 (Flyball, 7D, EV 99.4 MPH)
Batting: LHB Palaie Gaoteote 0-0: Ball
1-0: Ground out 6-3 (Groundball, 6, EV 82.5 MPH)
Top of the 9th over - 0 runs, 0 hits, 0 errors, 0 left on base; San Mateo 4 - Ft. Worth 2
BOTTOM OF THE 9TH
Ft. Worth Cattlemen batting - Pitching for San Mateo Dirty Reds : LHP Urs Ehles
Batting: SHB Kolby Hay 0-0: Ball
1-0: Called Strike
1-1: Foul Ball, location: 2F
1-2: Foul Ball, location: 2F
1-2: Foul Ball, location: 2F
1-2: Ball
2-2: Ball
3-2: Foul Ball, location: 2F
3-2: SINGLE (Line Drive, 8LS, EV 106.2 MPH)
Batting: RHB Derek Bangert 0-0: Ball
1-0: Ball
2-0: Called Strike
2-1: 2-RUN HOME RUN (Flyball, 9D, EV 107.5 MPH), Distance : 380 ft
Batting: LHB Count Dante 0-0: Called Strike
0-1: Swinging Strike
0-2: Strikes out swinging, 2-3 out at first.
Batting: RHB Tsuneari Hirano 0-0: Called Strike
0-1: Swinging Strike
0-2: Strikes out swinging
Batting: RHB Min-gook Ch'oe 0-0: Ball
1-0: Ball
2-0: Called Strike
2-1: Swinging Strike
2-2: Ball
3-2: Ground out 4-3 (Groundball, 4, EV 108.1 MPH)
Bottom of the 9th over - 2 runs, 2 hits, 0 errors, 0 left on base; San Mateo 4 - Ft. Worth 4
TOP OF THE 10TH
San Mateo Dirty Reds batting - Pitching for Ft. Worth Cattlemen : RHP Dragutin Petrovic
Pitching: RHP Jack Buyse
Batting: RHB Tae-cho Han 0-0: Ball
1-0: Ball
2-0: Ball
3-0: Called Strike
3-1: Called Strike
3-2: Strikes out swinging
Batting: RHB Kawenaula Alohalani 0-0: Called Strike
0-1: Ball
1-1: Called Strike
1-2: Ball
2-2: Foul Ball, location: 2F
2-2: Ball
3-2: Strikes out looking
Batting: LHB Tom Burton 0-0: Ball
1-0: Ball
2-0: Called Strike
2-1: Called Strike
2-2: Foul Ball, location: 2F
2-2: Strikes out swinging
Top of the 10th over - 0 runs, 0 hits, 0 errors, 0 left on base; San Mateo 4 - Ft. Worth 4
BOTTOM OF THE 10TH
Ft. Worth Cattlemen batting - Pitching for San Mateo Dirty Reds : LHP Urs Ehles
Pitching: RHP Matt Digby
Batting: RHB Lonnie Doble 0-0: Called Strike
0-1: Foul Ball, location: 2F
0-2: Strikes out swinging
Batting: RHB Dennis Wacher 0-0: Ball
1-0: Ball
2-0: Ball
3-0: Foul Ball, location: 2F
3-1: Called Strike
3-2: SINGLE (Line Drive, 3D, EV 95.0 MPH)
Batting: LHB Semo Hoaloha 0-0: Called Strike
0-1: Grounds into double play, 6-4-3 (Groundball, 6, EV 79.4 MPH)
Bottom of the 10th over - 0 runs, 1 hit, 0 errors, 0 left on base; San Mateo 4 - Ft. Worth 4
TOP OF THE 11TH
San Mateo Dirty Reds batting - Pitching for Ft. Worth Cattlemen : RHP Jack Buyse
Pitching: RHP Hiroaki Kouda
Batting: LHB Quitério Ruah 0-0: Called Strike
0-1: Ball
1-1: Fly out, F3 (Popup, 3F, EV 61.2 MPH)
Batting: RHB Jesús Gómez 0-0: SINGLE (Line Drive, 9S, EV 93.8 MPH)
Batting: RHB Ambrose Watkins 0-0: Ball
1-0: Ball
2-0: Fly out, F6 (Flyball, 56D, EV 86.2 MPH)
Batting: LHB Richard Edwards 0-0: Foul Ball, location: 2F
0-1: Foul Ball, location: 2F
0-2: DOUBLE (Line Drive, 8LXD, EV 99.4 MPH)
Jesús Gómez to third
Runner from 3rd tries for Home, SAFE, no throw by CF
Batting: RHB Zahid Kashani 0-0: Ball
1-0: Fly out, F8 (Line Drive, 8LD, EV 102.5 MPH)
Top of the 11th over - 1 run, 2 hits, 0 errors, 1 left on base; San Mateo 5 - Ft. Worth 4
BOTTOM OF THE 11TH
Ft. Worth Cattlemen batting - Pitching for San Mateo Dirty Reds : RHP Matt Digby
Now at 2B: Silvian Burger
Now in LF: Paul Tate
Batting: LHB Craig Woods 0-0: Called Strike
0-1: Ball
1-1: Ball
2-1: Foul Ball, location: 2F
2-2: Foul Ball, location: 2F
2-2: Strikes out swinging
Batting: SHB Kolby Hay 0-0: Called Strike
0-1: Ball
1-1: Ball
2-1: Ground out U3 (Groundball, 3L, EV 98.1 MPH)
Batting: RHB Derek Bangert 0-0: Ball
1-0: Foul Ball, location: 2F
1-1: Ball
2-1: Called Strike
2-2: Ball
3-2: Foul Ball, location: 2F
3-2: Foul Ball, location: 2F
3-2: Base on Balls
Batting: LHB Count Dante 0-0: Ball
1-0: Ball
2-0: Swinging Strike
2-1: Foul Ball, location: 2F
2-2: Foul Ball, location: 2F
2-2: Foul Ball, location: 2F
2-2: Ball
3-2: Base on Balls
Derek Bangert to second
Pinch Runner at 2nd Scotty Glenn:
Batting: RHB Tsuneari Hirano 0-0: Ball
1-0: Fly out, F8 (Flyball, 8RS, EV 82.5 MPH)
Bottom of the 11th over - 0 runs, 0 hits, 0 errors, 2 left on base; San Mateo 5 - Ft. Worth 4
Tuesday, January 5th, 2021 - OOTP Baseball 20.8 Build 74